 Dungeon Crawl Stone Soup version 0.29.1-2-gbd0b4ee654 (webtiles) character file.

Game seed: 15015081494711370142

3015 PhantomBowie the Basher (level 9, -8/123 HPs)
             Began as a Minotaur Berserker on Nov 20, 2022.
             Was an Elder of Trog.
             Mangled by a vampire
             ... wielding a +0 war axe
              (15 damage)
             ... on level 8 of the Dungeon.
             The game lasted 00:22:06 (8813 turns).

PhantomBowie the Basher (Minotaur Berserker)        Turns: 8813, Time: 00:22:07

Health: -8/123     AC: 13    Str: 27    XL:     9   Next: 55%
Magic:  8/8        EV: 12    Int: 10    God:    Trog [****..]
Gold:   36         SH:  9    Dex:  9    Spells: 8/8 levels left

rFire   . . .      SeeInvis .   H - +1 flail (vorpal)
rCold   x . .      Faith    .   D - +0 buckler
rNeg    + + .      Spirit   .   p - +3 scale mail {Will+}
rPois   .          Reflect  +   (helmet restricted)
rElec   .          Harm     .   (no cloak)
rCorr   .          Rampage  .   i - +0 pair of gloves
Will    +....                   w - +0 pair of boots
Stlth   ..........              x - amulet "Ogystuu" {Reflect rC- rN++ SH+5}
HPRegen 0.30/turn               g - ring of flight
MPRegen 0.11/turn               m - +6 ring of intelligence

@: berserking, flying, very quick
A: horns 2, retaliatory headbutt
a: Renounce Religion, Berserk, Trog's Hand, Brothers in Arms


You were on level 8 of the Dungeon.
You worshipped Trog.
Trog was greatly pleased with you.
You visited 2 branches of the dungeon, and saw 10 of its levels.

You collected 441 gold pieces.
You spent 405 gold pieces at shops.

Inventory:

Hand Weapons
 F - a +0 arbalest
 H - a +1 vorpal flail (weapon)
Missiles
 d - 3 throwing nets (quivered)
Armour
 i - a +0 pair of gloves (worn)
 p - a +3 scale mail of willpower (worn)
 s - a +0 plate armour
 w - a +0 pair of boots (worn)
 D - a +0 buckler (worn)
Jewellery
 g - a ring of flight (left hand)
 m - a +6 ring of intelligence (right hand)
 x - the amulet "Ogystuu" (around neck) {Reflect rC- rN++ SH+5}
   (You bought it in a shop on level 4 of the Dungeon)

   [amulet of reflection]

   It reflects blocked missile attacks.
   rC:        It makes you vulnerable to cold.
   rN:        It greatly protects you from negative energy.
   SH:        It affects your SH (+5).
Wands
 u - a wand of acid (12)
 E - a wand of flame (24)
 G - a wand of charming (8)
Scrolls
 b - a scroll of fog {unknown}
 f - 2 scrolls of poison
 h - 2 scrolls of fear {unknown}
 n - 3 scrolls of enchant armour
 o - 3 scrolls of enchant weapon
 q - a scroll of noise {unknown}
 r - 3 scrolls of teleportation {unknown}
 t - a scroll of brand weapon {unknown}
 y - a scroll of magic mapping {unknown}
 B - a scroll of immolation {unknown}
Potions
 a - 6 potions of invisibility
 c - a potion of flight {unknown}
 e - 6 potions of curing
 j - 3 potions of mutation
 k - 2 potions of heal wounds {unknown}
 l - 2 potions of cancellation {unknown}
 v - 2 potions of haste {unknown}
 z - 2 potions of attraction {unknown}
 A - a potion of brilliance {unknown}
 C - a potion of might {unknown}


   Skills:
 + Level 8.6 Fighting
 + Level 8.7 Maces & Flails
 + Level 8.1 Armour
 + Level 7.5 Dodging
 + Level 3.1 Shields


You had 8 spell levels left.
You didn't know any spells.
Your spell library was empty.

Dungeon Overview and Level Annotations

Branches:
Dungeon (9/15)             Temple (1/1) D:5
   Lair: D:8-11         Orc: D:9-12

Altars:
Ashenzari
Cheibriados
Dithmenos
Elyvilon
Fedhas
Gozag
Hepliaklqana
Kikubaaqudgha
Makhleb
Nemelex Xobeh
Qazlal
Ru
Sif Muna
Uskayaw
Wu Jian
Xom
Zin

Shops:
D:3 *   D:4 =   D:5 [


Innate Abilities, Weirdness & Mutations

You have a pair of horns on your head.
You reflexively headbutt those who attack you in melee.


Message History

The gnoll bouda is severely wounded.
Your attacks no longer feel as feeble.
Something hits you! Something bites you.
The gnoll bouda hits you but does no damage.
You closely miss the gnoll bouda. Your headbutt misses the gnoll bouda.
The gnoll bouda is severely wounded.
Something hits you. Something bites you but does no damage.
The gnoll bouda hits you but does no damage.
You closely miss the gnoll bouda.
The gnoll bouda is severely wounded.
Something hits you. Something bites you. You block the gnoll bouda's attack.
You thump the gnoll bouda!
You kill the gnoll bouda!
Trog accepts your kill. Something hits you but does no damage.
Something bites you but does no damage. Something hits you.
Something bites you but does no damage.
Things that are here:
a +0 whip; a +0 leather armour Something hits you!
You block something's attack.
Things that are here:
a +0 halberd; a gnoll corpse Something hits you!
Something bites you but does no damage.
There is a stone staircase leading up here.
You start resting.
Something hits you! Something barely misses you.
Something hits you but does no damage. Something bites you but does no damage.
You fly upwards.
Reactivating autopickup.
There is a stone staircase leading down here.
Something hits you.
* * * LOW HITPOINT WARNING * * *
Deactivating autopickup; reactivate with Ctrl-A.
Something bites you but does no damage. Something hits you.
* * * LOW HITPOINT WARNING * * *
Something bites you!
* * * LOW HITPOINT WARNING * * *
Something draws strength from your injuries!
A red film seems to cover your vision as you go berserk!
You feel yourself moving faster!
You feel mighty! Something hits you!
You die...

## .# ######## .#
#......## .#
##.....#.## .#
#...####).### .####
##### #@...### ##..##
#.##...### .....##
##.####...#######
......#
#..>)..:........#
......##
##.............###
.......#
##...........##...###
.......#
#..........######...#
.......# #.......####
###.. .......#
##..##### ##.


There were no monsters in sight!

Vanquished Creatures
  Prince Ribbit (D:8)
  A steam dragon (D:8)
  2 water moccasins
  A black bear (D:6)
  An orc warrior (D:5)
  An ice beast (D:7)
  3 sky beasts
  The ghost of gdog the Covert, an amateur GnDe (D:3)
  3 ogres
  A centaur (D:5)
  2 phantoms
  A kobold brigand (D:6)
  3 bullfrogs
  A gnoll sergeant (D:7)
  A howler monkey (D:4)
  4 jellies
  A gnoll bouda (D:9)
  4 hounds
  5 orc priests
  Terence (D:3)
  4 iguanas
  4 orc wizards
  16 gnolls
  7 adders
  A shadow imp (D:6)
  A white imp (D:6)
  3 worms
  4 dart slugs
  19 orcs
  8 endoplasms
  4 giant cockroaches
  8 goblins
  4 hobgoblins
  7 jackals (D:1)
  9 kobolds
  3 quokkas
  7 ball pythons
  5 bats
  2 frilled lizards (D:1)
  10 rats
164 creatures vanquished.

Notes
Turn   | Place    | Note
-------+----------+-------------------------------------------
     0 | D:1      | PhantomBowie the Minotaur Berserker began the quest for the
                  | Orb.
     0 | D:1      | Reached XP level 1. HP: 19/19 MP: 0/0
   157 | D:1      | Reached XP level 2. HP: 27/27 MP: 1/1
   589 | D:1      | Reached XP level 3. HP: 33/33 MP: 2/2
   618 | D:1      | Reached ** piety under Trog
  1329 | D:2      | Found a faded altar of an unknown god.
  1859 | D:2      | Reached XP level 4. HP: 40/40 MP: 3/3
  2259 | D:3      | Noticed Terence
  2274 | D:3      | Killed Terence
  2607 | D:3      | Found Zin's Purification Station.
  2613 | D:3      | Found a glowing silver altar of Zin.
  2916 | D:3      | Reached XP level 5. HP: 33/47 MP: 4/4
  3091 | D:3      | Found a runed translucent door.
  3091 | D:3      | Noticed gdog's ghost (amateur GnDe)
  3226 | D:4      | Noticed a phantom
  3244 | D:4      | Killed a phantom
  3245 | D:4      | Reached skill level 5 in Maces & Flails
  3254 | D:4      | Reached skill level 5 in Fighting
  3318 | D:4      | Found a shimmering blue altar of Sif Muna.
  3412 | D:4      | Found Diromyng's Jewellery Shoppe.
  3419 | D:4      | Reached XP level 6. HP: 56/56 MP: 5/5
  4251 | D:3      | Killed gdog's ghost
  4252 | D:3      | Reached skill level 5 in Armour
  4252 | D:3      | Reached XP level 7. HP: 62/62 MP: 6/6
  4328 | D:5      | Entered Level 5 of the Dungeon
  4371 | D:5      | Found a staircase to the Ecumenical Temple.
  4379 | Temple   | Entered the Ecumenical Temple
  4987 | D:5      | Reached skill level 5 in Dodging
  5150 | D:5      | Found a shadowy altar of Dithmenos.
  5248 | D:5      | Reached XP level 8. HP: 57/71 MP: 7/7
  5364 | D:5      | Found Joehus's Armour Emporium.
  5370 | D:5      | You are sucked into a shaft and drop 3 floors!
  5397 | D:6      | Reached *** piety under Trog
  5518 | D:5      | Noticed a +0 short sword
  5518 | D:5      | Noticed a +0 falchion
  5519 | D:5      | Noticed a +0 dagger
  5520 | D:5      | Noticed a +0 spear
  5520 | D:5      | Noticed a +0 falchion
  5537 | D:5      | Found a hide-covered altar of Uskayaw.
  5537 | D:5      | Noticed a +0 short sword
  5544 | D:5      | Noticed a +0 spear
  5544 | D:5      | Noticed a +0 dagger
  6215 | D:6      | Found an ancient bone altar of Kikubaaqudgha.
  6970 | D:7      | Reached XP level 9. HP: 73/81 MP: 8/8
  7240 | D:7      | Reached skill level 1 in Shields
  7444 | D:8      | Noticed Prince Ribbit
  7452 | D:8      | Killed Prince Ribbit
  7569 | D:4      | Bought the amulet "Ogystuu" {Reflect rC- rN++ SH+5} for 405
                  | gold pieces
  8058 | D:8      | Identified the +4 helmet of Exclusion {*Corrode rF+ MP+9}
  8414 | D:8      | Found a snail-covered altar of Cheibriados.
  8786 | D:9      | Reached **** piety under Trog
  8812 | D:8      | HP: 4/82 [something (11)]
  8813 | D:8      | Mangled by a vampire

Illustrated notes

Levels and vault maps discovered:
D:1:      wheals_arrival_shading, layout_basic
D:2:      layout_basic, ebering_ecumenical_altar_abandoned
D:3:      layout_loops_cross, zin_purify, gammafunk_ghost_grave,
          minmay_misc_feat_pillars, uniq_terence
D:4:      layout_basic, mainiacjoe_overflow_chevrons, serial_shops, shop,
          kennysheep_small_square
D:5:      layout_loops_cross, nicolae_dithmenos_the_darkroom,
          nicolae_uskayaw_en_pointe, serial_shops,
          nicolae_shop_advertising_works [nicolae_subvault_shop_adworks]
D:6:      layout_cave_pools, kiku_gazebo_pond_becter
D:7:      layout_basic
D:8:      layout_cave_pods, kennysheep_slug_shrine, uniq_prince_ribbit1
D:9:      layout_big_octagon, vehumet_statue, lair_entry_dummy, orc_0_dummy
Temple:   chequers_temple_sunken

Skill      XL: |  1  2  3  4  5  6  7  8  9 |
---------------+----------------------------+-----
Maces & Flails | 4 5 6 8 |  8.7
Fighting       | 4 5 6 7 8 |  8.6
Armour         | 3 4 5 6 7 8 |  8.1
Dodging        | 3 4 5 6 7 |  7.5
Shields        | 3 |  3.1

Action                   |  1- 3 |  4- 6 |  7- 9 || total
-------------------------+-------+-------+-------++-------
Melee: Mace              |    88 |    53 |       ||   141
       Headbutt          |    12 |     7 |    45 ||    64
       Punch             |       |     2 |     1 ||     3
       Flail             |       |    61 |   253 ||   314
Invok: Berserk           |       |     2 |     4 ||     6
  Use: Scroll            |       |       |     7 ||     7
Armor: Animal skin       |     6 |       |       ||     6
       Ring mail         |    12 |       |       ||    12
       Scale mail        |       |    56 |   128 ||   184
Dodge: Dodged            |    67 |    53 |   128 ||   248
Block: Buckler           |       |       |    27 ||    27
       Reflection        |       |       |     1 ||     1
